 Dungeon Crawl Stone Soup version 0.28.0 (webtiles) character file.

Game seed: 17617401655066513559

622 Morbidden the Slasher (level 7, -8/54 HPs)
             Began as a Demonspawn Fighter on Feb 7, 2022.
             Mangled by Prince Ribbit (12 damage)
             ... on level 5 of the Dungeon.
             The game lasted 00:06:14 (4378 turns).

Morbidden the Slasher (Demonspawn Fighter)          Turns: 4378, Time: 00:06:14

Health: -8/54      AC:  7    Str: 18    XL:     7   Next: 22%
Magic:  7/7        EV: 11    Int: 10    God:
Gold:   238        SH:  0    Dex: 18    Spells: 6/6 levels left

rFire   . . .      SeeInvis .   a - +0 long sword (vorpal)
rCold   + . .      Faith    .   c - +0 buckler
rNeg    + . .      Spirit   .   q - +2 ring mail {rN+}
rPois   .          Reflect  .   (no helmet)
rElec   .          Harm     .   (no cloak)
rCorr   .          Rampage  .   (no gloves)
Will    .....                   (no boots)
Stlth   ..........              u - amulet of regeneration
HPRegen 0.98/turn               g - +6 ring of dexterity
MPRegen 0.10/turn               b - ring of protection from cold

@: confused, ambrosia-drunk
A: powered by death 2, spiny 1, weakness stinger 1
a: no special abilities


You were on level 5 of the Dungeon.
You visited 1 branch of the dungeon, and saw 5 of its levels.

You collected 238 gold pieces.

Inventory:

Hand Weapons
 a - a +0 vorpal long sword (weapon)
Armour
 c - a +0 buckler (worn)
 q - a +2 ring mail of positive energy (worn)
Jewellery
 b - a ring of protection from cold (right hand)
 g - a +6 ring of dexterity (left hand)
 u - an amulet of regeneration (around neck)
Scrolls
 e - a scroll of brand weapon
 f - a scroll of holy word
 i - 2 scrolls of blinking
 o - a scroll of identify {unknown}
 p - a scroll of silence {unknown}
 r - a scroll of teleportation {unknown}
 s - a scroll of magic mapping {unknown}
 t - a scroll of fear {unknown}
Potions
 d - 2 potions of might
 h - a potion of magic {unknown}
 j - a potion of flight
 k - a potion of mutation {unknown}
 l - a potion of heal wounds {unknown}
 m - a potion of invisibility {unknown}
 n - a potion of ambrosia


   Skills:
 * Level 4.0 Fighting
 * Level 4.8 Long Blades
 * Level 4.3 Armour
 * Level 2.7 Dodging
 + Level 0.4 Stealth
 + Level 3.0 Shields


You had 6 spell levels left.
You didn't know any spells.
Your spell library contained the following spells:

 Spells                   Type           Power      Damage    Failure   Level
 Sandblast                Erth           0%         2d4       65%         1
 Corpse Rot               Necr/Air       0%         N/A       78%         2
 Passwall                 Tmut/Erth      0%         N/A       78%         2
 Poisonous Vapours        Pois/Air       0%         N/A       78%         2
 Stone Arrow              Conj/Erth      0%         3d7       95%         3


Dungeon Overview and Level Annotations

Branches:
Dungeon (5/15)
 Temple: D:4-7

Altars:
Ashenzari
Gozag
Hepliaklqana
Makhleb
Xom

Annotations:
D:5 Eustachio, Prince Ribbit, Sigmund


Innate Abilities, Weirdness & Mutations

You regenerate health from kills.
You are partially covered in sharp spines.
You have a small tail.


Message History

You slash the water moccasin skeleton!
You destroy the water moccasin skeleton!
No target in view!
No target in view!
You now have 238 gold pieces (gained 17).
You enter the shallow water.
Moving in this stuff is going to be slow.
You open the door.
Found a burning altar of Makhleb.
Unknown command.
Prince Ribbit comes into view.
Prince Ribbit croaks.
Prince Ribbit hops awkwardly around.
Prince Ribbit is nearby!
Unknown command.
You miss Prince Ribbit.
You tail-slap Prince Ribbit, but do no damage.
You block Prince Ribbit's attack.
You miss Prince Ribbit. Prince Ribbit hits you! x2
You are too injured to fight recklessly!
Unknown command.
Okay, then.
Unknown command.
Prince Ribbit blinks!
Unknown command.
You aren't carrying any items that you can evoke.
Unknown command.
Okay, then.
As you read the scroll labelled JIHAUS HUW, it crumbles to dust.
You speak a Word of immense power!
You are blasted by holy energy!
* * * LOW HITPOINT WARNING * * *
It was a scroll of holy word.
Unknown command.
Unknown command.
You are confused.
You feel invigorated. Prince Ribbit is struck by your spines.
Prince Ribbit hits you!
* * * LOW HITPOINT WARNING * * *
Prince Ribbit hits you!
You die...

#. .. .. .# .# #.#..#
#####.#..######
#..F@....≈≈≈≈≈#
#.###...#≈###≈# #.#
#.#.#≈#_#≈# #.#
#.#.#≈#'#≈#
#######.###.#.#≈≈.≈≈#
............#......##
.........##...#....#
###
.#######.##...#.#.##
#..
#.##._.#.#>#######.#


You could see Prince Ribbit.

Vanquished Creatures
  An ice beast (D:5)
  An ogre (D:3)
  Blork the orc (D:5)
  A scorpion (D:5)
  A water moccasin skeleton (D:5)
  A killer bee (D:4)
  A jelly (D:5)
  2 iguanas (D:5)
  7 adders
  An ufetubus (D:5)
  2 worms
  3 dart slugs (D:3)
  4 orcs
  6 endoplasms
  3 giant cockroaches
  9 goblins
  6 hobgoblins
  5 quokkas
  4 ball pythons
  5 bats (D:2)
  A frilled lizard (D:2)
  6 kobolds
  6 rats
77 creatures vanquished.

Notes
Turn   | Place    | Note
-------+----------+-------------------------------------------
     0 | D:1      | Morbidden the Demonspawn Fighter began the quest for the
                  | Orb.
     0 | D:1      | Reached XP level 1. HP: 18/18 MP: 1/1
   327 | D:1      | Found a faded altar of an unknown god.
   503 | D:1      | Gained mutation: You are partially covered in sharp spines.
                  | [demonic ancestry]
   503 | D:1      | Reached XP level 2. HP: 24/24 MP: 2/2
   996 | D:2      | Found a shimmering altar of Xom.
  1188 | D:2      | Reached XP level 3. HP: 21/29 MP: 3/3
  1714 | D:2      | Reached skill level 1 in Dodging
  2288 | D:3      | Gained mutation: You regenerate a little health from kills.
                  | [demonic ancestry]
  2288 | D:3      | Reached XP level 4. HP: 35/35 MP: 4/4
  2376 | D:3      | Found a broken altar of Ashenzari.
  2571 | D:3      | Noticed an ogre
  2634 | D:3      | Killed an ogre
  2635 | D:3      | Gained mutation: You regenerate health from kills. [demonic
                  | ancestry]
  2635 | D:3      | Reached XP level 5. HP: 34/41 MP: 5/5
  3850 | D:5      | Entered Level 5 of the Dungeon
  3967 | D:5      | Found an opulent altar of Gozag.
  3981 | D:5      | Noticed Blork the orc
  3996 | D:5      | Killed Blork the orc
  3997 | D:5      | Reached XP level 6. HP: 37/48 MP: 6/6
  4051 | D:5      | Noticed an ice beast
  4056 | D:5      | Killed an ice beast
  4076 | D:5      | Noticed Eustachio
  4077 | D:5      | Noticed Sigmund
  4139 | D:4      | Gained mutation: You have a small tail. [demonic ancestry]
  4139 | D:4      | Reached XP level 7. HP: 40/54 MP: 7/7
  4337 | D:5      | Found a hazy altar of Hepliaklqana.
  4353 | D:5      | Found a burning altar of Makhleb.
  4372 | D:5      | Noticed Prince Ribbit
  4378 | D:5      | Mangled by Prince Ribbit

Illustrated notes

Levels and vault maps discovered:
D:1:      minmay_arrival_diagonal_passages, layout_basic,
          hellmonk_ecumenical_altar_zigzags, supply_closet_lemuel,
          minmay_tripent
D:2:      layout_loops_cross, basic_altar, minmay_bisected
D:3:      minmay_octagon_keep, layout_loops_ring, lemuel_doored_altar
D:4:      layout_gridville
D:5:      layout_loops_ring, mainiacjoe_overflow_boulevard,
          nicolae_gozag_cash_rules_everything_around_me, kennysheep_mini_moat,
          hangedman_decor_lopped, uniq_eustachio, uniq_blork_the_orc,
          uniq_sigmund, uniq_prince_ribbit1

Skill      XL: |  1  2  3  4  5  6 |
---------------+-------------------+-----
Long Blades    | 2 3 4 |  4.8
Armour         | 3 4 |  4.3
Dodging        | 1 2 |  2.7
Shields        | 3 |  3.0
Fighting       | 4 |  4.0
Stealth        | |  0.4

Action                   |  1- 3 |  4- 6 |  7- 9 || total
-------------------------+-------+-------+-------++-------
Melee: Long sword        |    84 |    76 |    17 ||   177
       Tailslap          |       |       |     4 ||     4
  Use: Scroll            |     2 |       |     1 ||     3
       Potion            |       |     2 |     1 ||     3
Armor: Scale mail        |    32 |     7 |       ||    39
       Ring mail         |       |    18 |     7 ||    25
Dodge: Dodged            |    41 |    44 |     9 ||    94
Block: Buckler           |    23 |    25 |     8 ||    56
